 Dungeon Crawl Stone Soup version 0.30-a0-341-g682706514a (webtiles) character file.

Game seed: 4692831444833298267

3637 McGhostyFace the Fighter (level 10, -3/86 HPs)
             Began as a Gnoll Wanderer on Nov 3, 2022.
             Was a Believer of Ashenzari.
             Slain by a vampire
             ... wielding a +1 vampiric halberd
              (5 damage)
             ... in a bailey.
             The game lasted 00:46:30 (12083 turns).

McGhostyFace the Fighter (Gnoll Wanderer)          Turns: 12083, Time: 00:46:31

Health: -3/86      AC:  9    Str: 16    XL:     10   Next: 11%
Magic:  21/21      EV: 14    Int: 14    God:    Ashenzari [**....]
Gold:   412        SH:  0    Dex: 11    Spells: 20/24 levels left

rFire   . . .      SeeInvis +    a - +1 spear
rCold   . . .      Faith    .    (no shield)
rNeg    . . .      Spirit   .    b - +3 leather armour "Lashed Suspicion" {Self, Cun} (curse)
rPois   .          Reflect  .    y - +0 helmet of Ashenzari's Fetters {Cun, Self} (curse)
rElec   +          Harm     .    h - +0 cloak of Ashenzari's Pleiades {Melee, Evo} (curse)
rCorr   .          Rampage  .    (no gloves)
Will    .....                    (no boots)
Stlth   +++.......               (no amulet)
HPRegen 0.34/turn                m - ring of flight
MPRegen 0.17/turn                (no ring)

@: flying
A: fangs 1, strong nose, distributed training, screaming 1, electricity
resistance, strong 1
a: Renounce Religion, Curse Item, Shatter the Chains


You were in a bailey.
You worshipped Ashenzari.
Ashenzari was pleased with you.
You visited 2 branches of the dungeon, and saw 9 of its levels.
You also visited: Sewer and Bailey.

You collected 484 gold pieces.
You spent 72 gold pieces at shops.

Inventory:

Hand Weapons
 a - a +1 spear (weapon)
 d - a +0 vampiric dagger
Missiles
 q - 20 poisoned darts
 w - a throwing net
 B - 4 javelins (quivered)
Armour
 b - the cursed +3 leather armour "Lashed Suspicion" (worn) {Self, Cun}

   It has a curse which improves the following skills: Introspection: Fighting
   and Spellcasting.
   Cunning:   Dodging and Stealth.
 h - the cursed +0 cloak of Ashenzari's Pleiades (worn) {Melee, Evo}
   (You found it on level 3 of the Dungeon)

   It has a curse which improves the following skills: Melee Combat: Short
   Blades, Long Blades, Axes, Maces & Flails, Polearms, Staves and Unarmed
   Combat.
   Evocations: Evocations.
 y - the cursed +0 helmet of Ashenzari's Fetters (worn) {Cun, Self}
   (You found it on level 5 of the Dungeon)

   It has a curse which improves the following skills: Cunning: Dodging and
   Stealth.
   Introspection: Fighting and Spellcasting.
Jewellery
 m - a ring of flight (left hand)
Wands
 l - a wand of digging (10)
 v - a wand of mindburst (4)
Scrolls
 c - 3 scrolls of amnesia
 e - 2 scrolls of enchant weapon
 f - 2 scrolls of noise
 g - a scroll of magic mapping
 i - 3 scrolls of identify
 j - 4 scrolls of brand weapon
 n - 2 scrolls of vulnerability
 o - 2 scrolls of teleportation
 r - 3 scrolls of enchant armour
 t - 2 scrolls of blinking
Potions
 k - a potion of attraction
 p - 2 potions of mutation
 u - 3 potions of lignification
 x - 5 potions of brilliance
 z - 2 potions of invisibility


   Skills:
 + Level 8.4(10.4) Fighting
 + Level 5.1(6.3) Short Blades
 + Level 5.1(6.3) Long Blades
 + Level 5.1(6.3) Axes
 + Level 5.1(6.3) Maces & Flails
 + Level 7.0(8.2) Polearms
 + Level 5.1(6.3) Staves
 + Level 5.1 Ranged Weapons
 + Level 5.1 Throwing
 + Level 5.8 Armour
 + Level 7.0(9.0) Dodging
 + Level 5.7(7.6) Stealth
 + Level 5.1 Shields
 + Level 5.1(6.3) Unarmed Combat
 + Level 5.9(7.8) Spellcasting
 + Level 4.2 Conjurations
 + Level 4.2 Hexes
 + Level 4.2 Summonings
 + Level 4.2 Necromancy
 + Level 4.2 Translocations
 + Level 4.2 Transmutations
 + Level 4.2 Fire Magic
 + Level 4.2 Ice Magic
 + Level 4.2 Air Magic
 + Level 4.2 Earth Magic
 + Level 4.2 Poison Magic
 + Level 5.6 Invocations
 + Level 5.1(6.3) Evocations


You had 20 spell levels left.
You knew the following spells:

 Your Spells              Type           Power      Damage    Failure   Level
a - Airstrike             Air            8%         2d(2-18)  26%         4

Your spell library contained the following spells:

 Spells                   Type           Power      Damage    Failure   Level
 Sting                    Tmut/Pois      68%        1d6       2%          1
 Summon Lightning Spire   Summ/Air       17%        N/A       26%         4
 Lightning Bolt           Conj/Air       8%         1d21      58%         5


Dungeon Overview and Level Annotations

Branches:
Dungeon (8/15)             Temple (1/1) D:6           Sewer (visited)
 Bailey (1/1)
   Lair: D:8-11

Altars:
Ashenzari
Kikubaaqudgha
Nemelex Xobeh
Qazlal
Sif Muna
Trog
Vehumet
Xom
Yredelemnul
The Shining One

Shops:
D:1 [   D:3 !   D:6 *

Annotations:
D:7 Dowan, Duvessa


Innate Abilities, Weirdness & Mutations

You have very sharp teeth.
Your uncanny sense of smell can sniff out nearby items.
Your experience applies equally to all skills.
You occasionally shout uncontrollably at your foes.
You are resistant to electric shocks. (rElec)
Your muscles are strong. (Str +4, Int/Dex -1)


Message History

* * * LOW HITPOINT WARNING * * *
The vampire bites you.
* * * LOW HITPOINT WARNING * * *
The vampire draws strength from your injuries!
The vampire drinks a potion.
The vampire seems to speed up.
You see here a +0 spear.
Okay, then.
Okay, then.
As you read the scroll of butterflies, it crumbles to dust.
You hear the tinkle of a tiny bell.
The vampire barely misses you.
You swap places.
The vampire barely misses your butterfly.
The vampire misses your butterfly.
The vampire points at you and mumbles some strange words.
Your butterfly appears confused.
You swap places.
The vampire closely misses your butterfly.
The vampire barely misses your butterfly.
Unknown command.
You swap places.
The vampire gestures wildly while chanting.
The vampire flickers and vanishes for a moment.
The vampire completely misses your butterfly.
The vampire barely misses your butterfly.
Unknown command.
The vampire hits your butterfly with a +1 vampiric halberd!!
Your butterfly dies!
Your butterfly disappears in a burst of colours!
There is an open door, spattered with blood here.
There's a creature in the doorway!
You swap places.
You reach down and close the door.
You swap places.
Something unseen opens the door.
The vampire hits you from afar with a +1 vampiric halberd!
* * * LOW HITPOINT WARNING * * *
The vampire hits you from afar with a +1 vampiric halberd!
* * * LOW HITPOINT WARNING * * *
The vampire hits you from afar with a +1 vampiric halberd.
You die...

♣≈≈.#..#......#,{{{#...)..#.
♣≈≈.#b.#...♣..######...)b.#.
##≈≈.#.)#.............##)b.#.
##.≈≈.#bb#.♣.....♣..).##...b#.
####..≈≈.#Vb#............#bbb.##.
#..#..≈≈.#bb+.......♣.♣)##.b.##..
......≈≈.####.V..b.......##.bb)..
.∩...#########.bb♣♣.♣..)..##bb..#
................@..........#.b.##
................b...♣.♣....#.b##b
.∩...#########.............#..#.b
......≈≈#..................#bb'..
#..#..≈≈#.......#'##.......#b.'.V
####..≈≈#...)...#).#####..8#..#b.
##.≈≈#########..')).#####8.##.
##≈≈♣ ####.÷.# #### # ♣≈≈♣ #.÷.#


You could see a vampire (fast, invisible, ally target).

Vanquished Creatures
  2 gargoyles
  Grinder (D:3)
  Sigmund (D:3)
  2 water moccasins
  An orc warrior (D:7)
  A sky beast (D:6)
  2 black bears
  A centaur (D:7)
  2 kobold brigands (D:3)
  A gnoll sergeant (D:4)
  A bullfrog (D:6)
  5 scorpions
  3 howler monkeys
  6 wolf zombies (Bailey)
  2 hounds
  A jelly (D:6)
  Terence (D:2)
  Jessica (D:3)
  5 iguanas
  Natasha (thrice) (D:3)
  2 orc wizards (D:4)
  Robin (D:2)
  10 adders
  37 gnolls
  4 river rats (Sewer)
  3 shadow imps
  2 white imps (D:7)
  An ufetubus (D:5)
  19 orcs
  6 ball pythons
  2 bats (D:2)
  5 endoplasms
  2 giant cockroaches (D:4)
  17 goblins
  10 hobgoblins
  11 jackals (D:4)
  4 quokkas
  4 frilled lizards (Sewer)
  44 kobolds
  14 orc zombies (Bailey)
  10 rats
250 creatures vanquished.

Vanquished Creatures (others)
  2 fungi (D:2)
  39 plants
41 creatures vanquished.

Grand Total: 291 creatures vanquished

Notes
Turn   | Place    | Note
-------+----------+-------------------------------------------
     0 | D:1      | McGhostyFace the Gnoll Wanderer began the quest for the
                  | Orb.
     0 | D:1      | McGhostyFace set off with the following items: a +1 spear,
                  | a +2 leather armour, a scroll of fear.
     0 | D:1      | Reached XP level 1. HP: 23/23 MP: 4/4
   138 | D:1      | Found Huepnats's Armour Shoppe.
   232 | D:1      | Reached XP level 2. HP: 29/29 MP: 5/5
   857 | D:2      | Reached XP level 3. HP: 22/35 MP: 7/7
   863 | D:2      | Reached skill level 1 in Invocations
  1167 | D:2      | Noticed Robin
  1173 | D:2      | Found a faded altar of an unknown god.
  1181 | D:2      | Got Plato's Teachings on the Snake
  1194 | D:1      | Reached skill level 1 in Short Blades
  1194 | D:1      | Reached skill level 1 in Long Blades
  1194 | D:1      | Reached skill level 1 in Axes
  1194 | D:1      | Reached skill level 1 in Maces & Flails
  1194 | D:1      | Reached skill level 1 in Staves
  1194 | D:1      | Reached skill level 1 in Ranged Weapons
  1194 | D:1      | Reached skill level 1 in Throwing
  1194 | D:1      | Reached skill level 1 in Shields
  1194 | D:1      | Reached skill level 1 in Unarmed Combat
  1194 | D:1      | Reached skill level 1 in Evocations
  1344 | D:2      | Reached XP level 4. HP: 34/39 MP: 8/8
  1357 | D:2      | Killed Robin
  1562 | D:2      | Found a bloodstained altar of Trog.
  1819 | D:2      | Reached skill level 1 in Conjurations
  1819 | D:2      | Reached skill level 1 in Hexes
  1819 | D:2      | Reached skill level 1 in Summonings
  1819 | D:2      | Reached skill level 1 in Necromancy
  1819 | D:2      | Reached skill level 1 in Translocations
  1819 | D:2      | Reached skill level 1 in Transmutations
  1819 | D:2      | Reached skill level 1 in Fire Magic
  1819 | D:2      | Reached skill level 1 in Ice Magic
  1819 | D:2      | Reached skill level 1 in Air Magic
  1819 | D:2      | Reached skill level 1 in Earth Magic
  1819 | D:2      | Reached skill level 1 in Poison Magic
  2077 | D:3      | Noticed Grinder
  2125 | D:3      | Gained mutation: Your body sometimes deteriorates upon
                  | taking damage. [potion of mutation]
  2125 | D:3      | Gained mutation: You are weak. (Str -2) [potion of
                  | mutation]
  2125 | D:3      | Lost mutation: You are weak. (Str -2) [potion of mutation]
  2127 | D:3      | Paralysed by Grinder for 5 turns
  2138 | D:3      | Killed Grinder
  2139 | D:3      | Reached skill level 5 in Polearms
  2139 | D:3      | Reached skill level 5 in Dodging
  2139 | D:3      | Reached XP level 5. HP: 17/47 MP: 8/10
  2139 | D:3      | Reached XP level 6. HP: 19/53 MP: 8/11
  2258 | D:3      | Lost mutation: Your body sometimes deteriorates upon taking
                  | damage. [potion of mutation]
  2258 | D:3      | Gained mutation: You occasionally shout uncontrollably at
                  | your foes. [potion of mutation]
  2258 | D:3      | Gained mutation: Your muscles are strong. (Str +4, Int/Dex
                  | -1) [potion of mutation]
  2258 | D:3      | Gained mutation: You are resistant to electric shocks.
                  | (rElec) [potion of mutation]
  2446 | D:3      | Found Rayrchak's Distillery.
  2678 | D:3      | Noticed Natasha
  2687 | D:3      | Killed Natasha
  2732 | D:3      | Noticed Natasha
  2752 | D:3      | Killed Natasha
  2979 | D:3      | Noticed Sigmund
  3098 | D:3      | Noticed Jessica
  3110 | D:3      | Killed Jessica
  3116 | D:3      | Noticed Terence
  3159 | D:3      | Learned a level 4 spell: Airstrike
  3563 | D:3      | Noticed Natasha
  3645 | D:3      | Killed Natasha
  3646 | D:3      | Reached skill level 7 in Fighting
  3646 | D:3      | Reached XP level 7. HP: 51/60 MP: 12/12
  3968 | D:2      | Killed Terence
  4172 | D:3      | Killed Sigmund
  4613 | D:3      | Reached XP level 8. HP: 27/67 MP: 14/14
  4928 | D:3      | Bought a potion of curing for 36 gold pieces
  4928 | D:3      | Bought a potion of curing for 36 gold pieces
  5026 | D:4      | Found a glowing drain.
  5066 | Sewer    | Entered a sewer
  6051 | D:4      | Found a broken altar of Ashenzari.
  6099 | D:4      | Became a worshipper of Ashenzari the Shackled
  6123 | D:4      | Found a shimmering blue altar of Sif Muna.
  6186 | D:4      | Found a basalt altar of Yredelemnul.
  7578 | D:4      | Found a stormy altar of Qazlal.
  8131 | D:5      | Entered Level 5 of the Dungeon
  8310 | D:5      | Reached XP level 9. HP: 70/73 MP: 16/16
  8528 | D:5      | Found a glowing golden altar of the Shining One.
  8574 | D:5      | Reached skill level 5 in Spellcasting
  8654 | D:5      | You fall into a shaft and drop 1 floor!
  8654 | D:6      | Found a staircase to the Ecumenical Temple.
  8659 | Temple   | Entered the Ecumenical Temple
  8707 | D:6      | Identified the +4 scale mail of Bitonob {rPois Dex+3}
  8730 | D:6      | Found a sparkling altar of Nemelex Xobeh.
  8842 | D:6      | Reached skill level 5 in Armour
  9318 | D:6      | Reached * piety under Ashenzari
  9346 | D:6      | Found Nomuwkir's Lightly-Used Armoury.
  9396 | D:6      | Reached skill level 5 in Stealth
  9505 | D:6      | Found an ancient bone altar of Kikubaaqudgha.
  9542 | D:6      | Reached skill level 8 in Fighting
  9956 | D:7      | Reached ** piety under Ashenzari
  9960 | D:7      | Noticed Duvessa
  9960 | D:7      | Noticed Dowan
 10083 | D:7      | Found a radiant altar of Vehumet.
 10083 | D:7      | Found a shimmering altar of Xom.
 10109 | D:7      | Noticed a gargoyle
 10453 | D:7      | Found a bloodstained altar of Trog.
 10572 | D:7      | Reached skill level 5 in Invocations
 10661 | D:7      | Killed a gargoyle
 11093 | D:8      | Found a flagged portal.
 11126 | Bailey   | Entered a bailey
 11321 | Bailey   | Noticed a gargoyle
 11323 | Bailey   | Killed a gargoyle
 11324 | Bailey   | Reached skill level 5 in Short Blades
 11324 | Bailey   | Reached skill level 5 in Long Blades
 11324 | Bailey   | Reached skill level 5 in Axes
 11324 | Bailey   | Reached skill level 5 in Maces & Flails
 11324 | Bailey   | Reached skill level 5 in Staves
 11324 | Bailey   | Reached skill level 5 in Ranged Weapons
 11324 | Bailey   | Reached skill level 5 in Throwing
 11324 | Bailey   | Reached skill level 5 in Shields
 11324 | Bailey   | Reached skill level 5 in Unarmed Combat
 11324 | Bailey   | Reached skill level 5 in Evocations
 11324 | Bailey   | Reached XP level 10. HP: 85/85 MP: 21/21
 11445 | Bailey   | HP: 3/85 [vampire/+1 vampiric halberd (11)]
 12082 | Bailey   | HP: 2/86 [vampire/+1 vampiric halberd (8)]
 12083 | Bailey   | Slain by a vampire

Illustrated notes

Levels and vault maps discovered:
D:1:      roderic_octagonal_star, layout_basic, serial_shops,
          nicolae_square_shop
D:2:      layout_loops_ring, basic_altar, shapermc_ecumenical_altar_rom_forum,
          uniq_robin
D:3:      minmay_goblin_kobold_castle, layout_loops_ring, serial_shops,
          nicolae_shop_behind_doors, minivault_27, uniq_terence, uniq_natasha,
          uniq_jessica, uniq_grinder, uniq_sigmund
D:4:      lemuel_castle_with_subvaults [lemuel_castle_interior_carwin_1],
          layout_basic, mainiacjoe_overflow_cross_hatched, old_standard_altar,
          cheibrodos_ashenzari_chains, mainiacjoe_overflow_boulevard,
          gup_sewer_entry_glass, serial_bayou_lagoon_a,
          hangedman_decor_clover_reticule
D:5:      layout_basic, overflow_temple_1_default, lemuel_crystal_altar,
          mainiacjoe_overflow_alcove_1, minivault_26, minmay_starry_boxes
D:6:      layout_gridville, nemelex_spade_bored_becter,
          kiku_gazebo_garden_becter, minmay_temple_entry_trees,
          minmay_shop_damaged
D:7:      layout_loops_ring, trog_butcher_becter,
          gammafunk_temple_overflow_pools, uniq_duvessa
D:8:      layout_loops_ring, nicolae_dithmenos_the_darkroom,
          nicolae_overflow_crystal_walls, elyvilon_altar_5, enter_bailey_4,
          kennysheep_generic_room_7, uniq_erica, uniq_pikel
Temple:   nicolae_temple_great_sept
Bailey:   bailey_polearm_vampire_castle_hellmonk, bailey

Skill      XL: |  1  2  3  4  5  6  7  8  9 10 |
---------------+-------------------------------+-----
Invocations    | 1 2 3 4 5 |  5.6
Short Blades   | 1 2 3 5 |  5.1
Long Blades    | 1 2 3 5 |  5.1
Axes           | 1 2 3 5 |  5.1
Maces & Flails | 1 2 3 5 |  5.1
Staves         | 1 2 3 5 |  5.1
Ranged Weapons | 1 2 3 5 |  5.1
Throwing       | 1 2 3 5 |  5.1
Shields        | 1 2 3 5 |  5.1
Unarmed Combat | 1 2 3 5 |  5.1
Evocations     | 1 2 3 5 |  5.1
Spellcasting   | 3 4 5 |  5.9
Conjurations   | 1 2 3 4 |  4.2
Hexes          | 1 2 3 4 |  4.2
Summonings     | 1 2 3 4 |  4.2
Necromancy     | 1 2 3 4 |  4.2
Translocations | 1 2 3 4 |  4.2
Transmutations | 1 2 3 4 |  4.2
Fire Magic     | 1 2 3 4 |  4.2
Ice Magic      | 1 2 3 4 |  4.2
Air Magic      | 1 2 3 4 |  4.2
Earth Magic    | 1 2 3 4 |  4.2
Poison Magic   | 1 2 3 4 |  4.2
Polearms       | 5 6 7 |  7.0
Armour         | 3 4 5 |  5.8
Dodging        | 5 6 7 |  7.0
Stealth        | 3 4 5 |  5.7
Fighting       | 7 8 |  8.4

Action                   |  1- 3 |  4- 6 |  7- 9 | 10-12 || total
-------------------------+-------+-------+-------+-------++-------
Melee: Spear             |    86 |   212 |  1078 |   153 ||  1529
       Bite              |     2 |    20 |    70 |    15 ||   107
       Punch             |     1 |     1 |    15 |     8 ||    25
Throw: Dart              |     1 |     8 |    11 |       ||    20
       Throwing net      |       |     1 |     1 |       ||     2
       Javelin           |       |       |     2 |       ||     2
 Cast: Airstrike         |       |       |     1 |     4 ||     5
Invok: Curse Item        |       |       |     3 |       ||     3
Evoke: Wand              |       |       |     6 |       ||     6
  Use: Potion            |       |     6 |     5 |       ||    11
       Scroll            |       |       |    10 |     2 ||    12
 Stab: Sleeping          |     1 |     2 |    12 |     4 ||    19
       Distracted        |       |       |     2 |       ||     2
Armor: Leather armour    |    32 |    51 |   278 |    34 ||   395
Dodge: Dodged            |    69 |   138 |   591 |    78 ||   876

Table legend: (Time is in decaauts)
 A = Elapsed time spent in this place.
 B = Non-inter-level travel time spent in this place.
 C = Inter-level travel time spent in this place.
 D = Time resting spent in this place.
 E = Time spent auto-exploring this place.
 F = Levels seen in this place.
 G = Mean time per level.
                   A        B        C        D        E       F      G
               +--------+--------+--------+--------+--------+-----+--------+
         Total |  11853 |  11701 |    152 |   3234 |   5085 |  11 | 1077.5 |
       Dungeon |  10371 |  10219 |    152 |   2570 |   4722 |   8 | 1296.4 |
        Temple |      3 |      3 |      0 |      0 |      0 |   1 |    3.0 |
         Sewer |    575 |    575 |      0 |    154 |    256 |   1 |  575.0 |
        Bailey |    903 |    903 |      0 |    510 |    106 |   1 |  903.0 |
               +--------+--------+--------+--------+--------+-----+--------+

Top non-repeatable levels by time:
     D:3: 2612 daAuts
     D:4: 2264 daAuts
     D:2: 1649 daAuts
     D:7: 1212 daAuts
     D:6: 1113 daAuts
     D:1: 954 daAuts
  Bailey: 903 daAuts
   Sewer: 575 daAuts
     D:5: 508 daAuts
     D:8: 57 daAuts
  Temple: 3 daAuts
